 Dungeon Crawl Stone Soup version 0.31-a0-180-g519b7de00c (webtiles) character file.

Game seed: 10200918505061380750

50 qw the Shooter (level 3, 0/32 HPs)
             Began as a Naga Hunter on June 19, 2023.
             Killed by nerve-wracking pain
             ... invoked by Grinder
              (11 damage)
             ... on level 3 of the Dungeon.
             The game lasted 00:00:36 (1568 turns).

qw the Shooter (Naga Hunter)                        Turns: 1568, Time: 00:00:36

Health: 0/32       AC:  7    Str: 13    XL:     3   Next: 79%
Magic:  3/3        EV:  8    Int:  9    God:
Gold:   24         SH:  0    Dex: 16    Spells: 2/2 levels left

rFire   . . .        Y - +0 shortbow
rCold   . . .        (shield currently unavailable)
rNeg    . . .        a - +3 ring mail {Will+}
rPois   +            (no helmet)
rElec   .            d - +0 cloak
rCorr   .            (no gloves)
SInv    +            (no barding)
Will    +....        (no amulet)
Stlth   +            (no ring)
HPRegen 0.25/turn    (no ring)
MPRegen 0.08/turn

%: no passive effects
@: very slow
A: AC +1, large, see invisible, deformed body, poison resistance, slowness 2,
spit poison 1, naga tail 1
a: Spit Poison


You were on level 3 of the Dungeon.
You visited 1 branch of the dungeon, and saw 3 of its levels.

You collected 153 gold pieces.
You spent 129 gold pieces at shops.


Innate Abilities, Weirdness & Mutations

Your serpentine skin is tough. (AC +1)
You have supernaturally acute eyesight. (SInv)
Armour fits poorly on your strangely shaped body.
Your system is resistant to poisons. (rPois)
You cover ground very slowly.
You can spit poison.
You have a snake-like lower body.


   Skills:
 - Level 2.0 Fighting
 + Level 4.9 Ranged Weapons
 - Level 1.5 Dodging
 - Level 1.5 Stealth


You had 2 spell levels left.
You didn't know any spells.
Your spell library was empty.

Inventory:

Hand Weapons
 Y - a +0 shortbow (weapon)
Armour
 a - a +3 ring mail of willpower (worn)
 d - a +0 cloak (worn)
 e - a +0 pair of gloves
Wands
 i - a wand of digging (4)
Scrolls
 f - 3 scrolls of identify
Potions
 b - a potion of magic {unknown}
 c - 2 potions of curing {unknown}
 g - 2 potions of mutation
 h - a potion of might {unknown}

Dungeon Overview and Level Annotations

Branches:
Dungeon (3/15)

Altars:

Shops:
D:3 ?[((

Annotations:
D:3 Grinder


Message History

Enter note:
Enter note:
Enter note:
Enter note:
Enter note:
Enter note:
Enter note:
Enter note:
Enter note:
Enter note:
Enter note:
Enter note:
Enter note: You shoot an arrow.
The arrow barely misses Grinder.
Grinder gestures at you. You resist with almost no effort.
You shoot an arrow. The arrow hits Grinder.
Grinder is lightly wounded.
Grinder gestures at you. You resist with almost no effort.
You shoot an arrow. The arrow hits Grinder.
Grinder is lightly wounded.
Grinder hits you.
You writhe in agony.
You shoot an arrow. The arrow completely misses Grinder.
Grinder blinks!
Grinder says, "You look like you could use a good racking."
You shoot an arrow. The arrow barely misses Grinder.
You shoot an arrow.
The arrow hits Grinder but does no damage.
Grinder is lightly wounded.
You shoot an arrow. The arrow closely misses Grinder.
Grinder closely misses you.
You shoot an arrow. The arrow hits Grinder.
Grinder is moderately wounded.
Grinder hits you. Grinder hits you!
You shoot an arrow. The arrow hits Grinder.
Grinder is moderately wounded.
Grinder gestures at you. Pain shoots through your body!
You die...

#. #.......
#.##########.......
#..........\.......
#..########........
#..#...............
#..#......#........
#..########........
#...........#.#####
##@##########.####
#5....... #....#
#........ ######
#........ #........
#........ #........
#........


You could see Grinder.

Vanquished Creatures
  A worm (D:2)
  A dart slug (D:1)
  An orc (D:3)
  4 ball pythons
  8 bats
  7 endoplasms
  A giant cockroach (D:2)
  4 hobgoblins
  A quokka (D:3)
  A frilled lizard (D:1)
  A goblin (D:2)
  5 kobolds
  8 rats
43 creatures vanquished.

Notes
Turn   | Place    | Note
-------+----------+-------------------------------------------
     0 | D:1      | qw the Naga Hunter began the quest for the Orb.
     0 | D:1      | Reached XP level 1. HP: 19/19 MP: 1/1
     0 | D:1      | 0 ||| qw: Version: 0.3-a-7-ge0c9b40
     0 | D:1      | 0 ||| qw: Game counter: 892
     0 | D:1      | 0 ||| qw: Always use a shield: true
     0 | D:1      | 0 ||| qw: God list: Okawaru
     0 | D:1      | 0 ||| qw: Allow faded altars: false
     0 | D:1      | 0 ||| qw: Do Orc after D:15 true
     0 | D:1      | 0 ||| qw: Do second Lair branch before Depths: true
     0 | D:1      | 0 ||| qw: Lair rune preference: random
     0 | D:1      | 0 ||| qw: Plans: Normal
     0 | D:1      | 0 ||| PLANNING D:1-11
    67 | D:1      | 67 ||| INVOKING Spit Poison.
    88 | D:1      | Found a faded altar of an unknown god.
   133 | D:1      | 133 ||| INVOKING Spit Poison.
   136 | D:1      | 136 ||| INVOKING Spit Poison.
   140 | D:1      | Reached skill level 4 in Ranged Weapons
   140 | D:1      | Reached XP level 2. HP: 26/26 MP: 2/2
   160 | D:1      | 160 ||| INVOKING Spit Poison.
   247 | D:1      | 247 ||| INVOKING Spit Poison.
   258 | D:1      | 258 ||| INVOKING Spit Poison.
   341 | D:1      | 341 ||| INVOKING Spit Poison.
   347 | D:1      | 347 ||| INVOKING Spit Poison.
   401 | D:1      | 401 ||| INVOKING Spit Poison.
   425 | D:1      | 425 ||| INVOKING Spit Poison.
   431 | D:1      | 431 ||| INVOKING Spit Poison.
   491 | D:1      | 491 ||| INVOKING Spit Poison.
   517 | D:1      | 517 ||| UPGRADING to +0 cloak.
   522 | D:1      | 522 ||| READING scroll labelled LEK DYRHILO.
   523 | D:1      | 523 ||| DRINKING 2 glowing amethyst potions.
   524 | D:1      | 524 ||| DROPPING scroll of butterflies.
   525 | D:1      | 525 ||| DROPPING potion of invisibility.
   539 | D:2      | 539 ||| INVOKING Spit Poison.
   628 | D:2      | 628 ||| INVOKING Spit Poison.
   634 | D:2      | 634 ||| INVOKING Spit Poison.
   646 | D:2      | 646 ||| INVOKING Spit Poison.
   647 | D:2      | Reached XP level 3. HP: 32/32 MP: 3/3
   656 | D:2      | 656 ||| INVOKING Spit Poison.
   660 | D:2      | 660 ||| INVOKING Spit Poison.
   664 | D:2      | 664 ||| INVOKING Spit Poison.
   736 | D:2      | 736 ||| INVOKING Spit Poison.
   848 | D:2      | 848 ||| INVOKING Spit Poison.
  1102 | D:2      | 1102 ||| UPGRADING to +3 ring mail of willpower.
  1112 | D:2      | 1112 ||| DROPPING +0 leather armour.
  1113 | D:2      | 1113 ||| READING 2 scrolls labelled ERULLI DEF ELL.
  1114 | D:2      | 1114 ||| READING 3 scrolls of identify.
  1114 | D:2      | 1114 ||| IDENTIFYING yellow potion
  1115 | D:2      | 1115 ||| READING 2 scrolls of identify.
  1115 | D:2      | 1115 ||| IDENTIFYING metallic emerald potion
  1116 | D:2      | 1116 ||| DROPPING potion of degeneration.
  1117 | D:2      | 1117 ||| DROPPING scroll of revelation.
  1220 | D:3      | 1220 ||| INVOKING Spit Poison.
  1228 | D:3      | 1228 ||| INVOKING Spit Poison.
  1232 | D:3      | Found Gekat's Weapon Emporium.
  1352 | D:3      | Found Puw Kazi's Antique Weapon Shoppe.
  1354 | D:3      | 1354 ||| INVOKING Spit Poison.
  1362 | D:3      | 1362 ||| INVOKING Spit Poison.
  1369 | D:3      | 1369 ||| INVOKING Spit Poison.
  1371 | D:3      | 1371 ||| READING scroll labelled DUKHUZE JIOC.
  1417 | D:3      | Found Ujui's Antique Armour Shoppe.
  1425 | D:3      | 1425 ||| INVOKING Spit Poison.
  1428 | D:3      | 1428 ||| INVOKING Spit Poison.
  1437 | D:3      | 1437 ||| SHOPLISTING glowing scarf (184 gold, have 153).
  1437 | D:3      | 1437 ||| BUYING pair of gloves (103 gold).
  1437 | D:3      | Bought a pair of gloves for 103 gold pieces
  1439 | D:3      | 1439 ||| INVOKING Spit Poison.
  1489 | D:3      | 1489 ||| INVOKING Spit Poison.
  1526 | D:3      | Found Oqim Voo's Magic Scroll Shop.
  1536 | D:3      | 1536 ||| SHOPLISTING scroll of enchant armour (97 gold,
                  | have 50).
  1536 | D:3      | 1536 ||| BUYING scroll of identify (26 gold).
  1536 | D:3      | Bought a scroll of identify for 26 gold pieces
  1536 | D:3      | 1536 ||| SHOPLISTING scroll of teleportation (39 gold, have
                  | 24).
  1558 | D:3      | Noticed Grinder
  1568 | D:3      | Killed from afar by Grinder

Levels and vault maps discovered:
D:1:      dpeg_arrival_snail, layout_basic,
          shapermc_ecumenical_altar_mp_highgroup
D:2:      layout_basic, grunt_decor_mini_mirrors
D:3:      minmay_inner_zag, layout_basic, serial_shops,
          nicolae_shop_bloodbath_and_beyond, nicolae_shop_waterfront,
          nicolae_shop_temple_entry_statues_fountains, shop, uniq_grinder

Skill      XL: |  1 |
---------------+----+-----
Ranged Weapons | 4 |  4.9
Fighting       | |  2.0
Dodging        | |  1.5
Stealth        | |  1.5

Action                     || total
---------------------------++-------
   Fire: Shortbow          ||    73
Ability: Spit Poison       ||    30
    Use: Scroll            ||     5
         Potion            ||     1
 Armour: Leather armour    ||     1
         Ring mail         ||     1
  Dodge: Dodged            ||     7

Table legend:
 A = Non-vault XP
 B = Vault XP
 C = Vault XP percentage of total XP
 D = Non-vault monster count
 E = Vault monster count
 F = Vault count percentage of total count
                 A         B        C        D         E       F
            +---------+---------+-------+---------+---------+-------
      Total |      72 |       0 |   0.0 |      43 |       0 |   0.0
            +---------+---------+-------+---------+---------+-------
        D:1 |      29 |       0 |   0.0 |      17 |       0 |   0.0
        D:2 |      22 |       0 |   0.0 |      12 |       0 |   0.0
        D:3 |      21 |       0 |   0.0 |      14 |       0 |   0.0
            +---------+---------+-------+---------+---------+-------
